 Dungeon Sprint DCSS version 0.29-a0-857-g9b1aa3ac5b (webtiles) character file.

Game seed: 5505699319585633049

260 manyhoops the Carver (level 6, -1/63 HPs)
             Began as a Human Berserker on July 16, 2022.
             Was a Follower of Trog.
             Slain by a neqoxec (13 damage)
             ... in the Dungeon (Sprint II: "The Violet Keep of Menkaure").
             The game lasted 00:00:15 (23 turns).

manyhoops the Carver (Human Berserker)                Turns: 23, Time: 00:00:15

Health: -1/63      AC:  2    Str: 19    XL:     6   Next: 41%
Magic:  6/6        EV: 12    Int:  7    God:    Trog [*.....]
Gold:   0          SH:  0    Dex: 13    Spells: 5/5 levels left

rFire   . . .      SeeInvis .   a - +0 falchion
rCold   . . .      Faith    .   (no shield)
rNeg    . . .      Spirit   .   b - +0 animal skin
rPois   .          Reflect  .   (no helmet)
rElec   .          Harm     .   (no cloak)
rCorr   .          Rampage  .   (no gloves)
Will    .....      NoTele   +   (no boots)
Stlth   +.........              (no amulet)
HPRegen 0.20/turn               (no ring)
MPRegen 0.10/turn               (no ring)

@: on berserk cooldown, slowed, very slow
A: robust 1
a: Renounce Religion, Berserk


You were in the Dungeon.
You worshipped Trog.
Trog was aware of your devotion.
You visited 1 branch

Inventory:

Hand Weapons
 a - a +0 falchion (weapon)
Armour
 b - a +0 animal skin (worn)
Scrolls
 h - a scroll of blinking
Potions
 c - a potion of curing
 d - a potion of heal wounds
 e - a potion of haste
 f - 2 potions of magic
 g - a potion of berserk rage


   Skills:
 + Level 9.1 Fighting
 + Level 9.5 Long Blades
 - Level 2.0 Armour
 - Level 2.0 Dodging


You had 5 spell levels left.
You didn't know any spells.
Your spell library was empty.

Dungeon Overview and Level Annotations

Branches:
Dungeon (1/1)

Altars:


Innate Abilities, Weirdness & Mutations

You are robust. (+10% HP)


Message History

You slash the neqoxec!
The neqoxec is moderately wounded.
The neqoxec hits you.
You slash the neqoxec!
The neqoxec is heavily wounded.
The neqoxec hits you but does no damage.
You hit the neqoxec.
The neqoxec is severely wounded.
You barely miss the neqoxec.
The neqoxec is severely wounded.
The neqoxec hits you but does no damage.
The neqoxec gestures at you.
You feel dopey. Something feeds on your intellect!
You barely miss the neqoxec.
The neqoxec is severely wounded.
You closely miss the neqoxec.
The neqoxec is severely wounded.
The neqoxec closely misses you.
You closely miss the neqoxec.
The neqoxec is severely wounded.
The neqoxec hits you!
* * * LOW HITPOINT WARNING * * *
You slash the neqoxec!
The neqoxec is almost dead.
You slash the neqoxec!
You kill the neqoxec!
Trog accepts your kill.
You are no longer berserk.
You are exhausted.
You feel yourself slow down.
You feel your intelligence returning.
Your Fighting skill gained 2 levels and is now at level 9!
Your Long Blades skill gained 2 levels and is now at level 9!
You have reached level 6!
Unknown command.
You barely miss the neqoxec. The neqoxec hits you!
* * * LOW HITPOINT WARNING * * *
You hit the neqoxec but do no damage. The neqoxec hits you!
You die...

###
##
..##.
.3.
#3#
##@##
+.<.+
##.##
#+#


You could see 2 neqoxecs.

Vanquished Creatures
  2 neqoxecs (D)
2 creatures vanquished.

Notes
Turn   | Place    | Note
-------+----------+-------------------------------------------
     0 | D        | manyhoops the Human Berserker began the quest for the Orb.
     0 | D        | Reached XP level 1. HP: 18/18 MP: 1/1
     1 | D        | Noticed a neqoxec
     1 | D        | Noticed a neqoxec
     1 | D        | Noticed a neqoxec
     1 | D        | Noticed a neqoxec
     8 | D        | Killed a neqoxec
     8 | D        | Gained mutation: You are robust. (+10% HP) [a neqoxec]
     9 | D        | Reached XP level 2. HP: 19/34 MP: 2/2
     9 | D        | Reached XP level 3. HP: 22/39 MP: 3/3
     9 | D        | Reached XP level 4. HP: 26/47 MP: 4/4
     9 | D        | Reached XP level 5. HP: 29/52 MP: 5/5
    21 | D        | Killed a neqoxec
    22 | D        | Reached XP level 6. HP: 19/63 MP: 6/6
    23 | D        | Slain by a neqoxec

Illustrated notes

Levels and vault maps discovered:
D:        the_violet_keep_of_menkaure [sprint2_stairs_cluster_1,
          sprint2_shoproom, sprint2_temple, sprint2_basic_supplies,
          sprint2_obstacle_4, sprint2_obstacle_3, sprint2_obstacle_2,
          sprint2_obstacle_6, sprint2_obstacle_5, sprint2_timed_cluster_1,
          sprint2_smallroom_cluster_1, sprint2_smallroom_final_cluster_1,
          sprint2_transparent_cluster_1, sprint2_second_timed_cluster_1,
          sprint2_sniper_area_1, sprint2_heavy_combat_area_1,
          sprint2_mutation_trap_area_1, sprint2_forest_area_1,
          sprint2_light_combat_area_1, sprint2_behind_water_1,
          sprint2_near_end_vault_1]

Skill      XL: |  1  2  3  4  5 |
---------------+----------------+-----
Fighting       | 7 9 |  9.1
Long Blades    | 7 9 |  9.5
Armour         | |  2.0
Dodging        | |  2.0

Action                   |  1- 3 |  4- 6 || total
-------------------------+-------+-------++-------
Melee: Falchion          |     6 |    15 ||    21
Invok: Berserk           |     1 |       ||     1
Armor: Animal skin       |       |     2 ||     2
Dodge: Dodged            |     1 |     3 ||     4

Table legend: (Time is in decaauts)
 A = Elapsed time spent in this place.
 B = Non-inter-level travel time spent in this place.
 C = Inter-level travel time spent in this place.
 D = Time resting spent in this place.
 E = Time spent auto-exploring this place.
 F = Levels seen in this place.
 G = Mean time per level.
                   A        B        C        D        E       F      G
               +--------+--------+--------+--------+--------+-----+--------+
         Total |     17 |     17 |      0 |      0 |      0 |   1 |   17.0 |
       Dungeon |     17 |     17 |      0 |      0 |      0 |   1 |   17.0 |
               +--------+--------+--------+--------+--------+-----+--------+

Top non-repeatable levels by time:
       D: 17 daAuts
